[Event "*** Titled Tuesday Blitz"]
[Site "Chess.com"]
[Date "2020.02.04"]
[Round "5"]
[White "marcodobrikov"]
[Black "albano87"]
[Result "1-0"]
[WhiteElo "2515"]
[BlackElo "1918"]
[TimeControl "180+2"]
[EndTime "14:01:06 PST"]
[Termination "marcodobrikov won by checkmate"]

1. e4 c5 2. Nf3 Nc6 3. d4 cxd4 4. Nxd4 Nf6 5. Nc3 d6 6. Bg5 Bd7 7. Qd2 Rc8 8. O-O-O Nxd4 9. Qxd4 Qa5 10. f4 Rxc3 11. bxc3 e5 12. Qb4 Qxb4 13. cxb4 Nxe4 14. Bh4 exf4 15. Bd3 f5 16. Kb2 d5 17. Rhe1 Bxb4 18.
Rf1 Bc3+ 19. Kb3 Be5 20. c4 Be6 21. cxd5 Bxd5+ 22. Bc4 Bc6 23. Rd8# 1-0

[Event "*** Titled Tuesday Blitz"]
[Site "Chess.com"]
[Date "2020.02.04"]
[Round "5"]
[White "mitrabhaa"]
[Black "ruvat"]
[Result "1-0"]
[WhiteElo "2567"]
[BlackElo "2393"]
[TimeControl "180+2"]
[EndTime "14:01:15 PST"]
[Termination "mitrabhaa won by resignation"]

1. Nf3 g6 2. d4 Bg7 3. e4 d6 4. Bd3 Nf6 5. O-O O-O 6. h3 Nbd7 7. Re1 e5 8. c3 b6 9. Bg5 Re8 10. Nbd2 h6 11. Bh4 Bb7 12. dxe5 dxe5 13. Nc4 Qe7 14. a4 a6 15. b4 Rad8 16. Qe2 Qf8 17. Bc2 Rc8 18.
Rad1 Nh5 19. Rxd7 1-0

[Event "*** Titled Tuesday Blitz"]
[Site "Chess.com"]
[Date "2020.02.04"]
[Round "5"]
[White "PNEPaul"]
[Black "reigningmvp"]
[Result "1-0"]
[WhiteElo "1830"]
[BlackElo "2323"]
[TimeControl "180+2"]
[EndTime "14:01:35 PST"]
[Termination "PNEPaul won by resignation"]

1. e4 e6 2. d4 d5 3. e5 c5 4. Qg4 cxd4 5. Nf3 Nc6 6. Bd3 Nge7 7. O-O Nf5 8. Bxf5 exf5 9. Qf4 Bc5 10. Qg3 Bf8 11. a3 h6 12. h4 g6 13. c3 dxc3 14.
Nxc3 Be6 15. Bf4 Bg7 16. Rad1 O-O 17. Nd4 Qb6 18. Nxe6 fxe6 19. Qxg6 Rae8 20. Bxh6 Re7 21. Bxg7 Rxg7 22. Qxe6+ Kh8 23. Nxd5 Qxb2 24. Qh6+ Kg8 25. Nf6+ Kf7 26. Rd7+ Ne7 27. Rxe7+ Kxe7 28. Qxg7+ Rf7 29. Nd5+ 1-0

[Event "*** Titled Tuesday Blitz"]
[Site "Chess.com"]
[Date "2020.02.04"]
[Round "5"]
[White "killer311"]
[Black "Shukh_Nikolay"]
[Result "0-1"]
[WhiteElo "2269"]
[BlackElo "2526"]
[TimeControl "180+2"]
[EndTime "14:01:39 PST"]
[Termination "Shukh_Nikolay won by resignation"]

1. d4 Nf6 2. Nf3 c5 3. d5 b5 4.
c4 bxc4 5. Nc3 d6 6. e4 Ba6 7. Bxc4 Bxc4 8. Qa4+ Nbd7 9. Qxc4 g6 10. O-O Bg7 11. Re1 Ng4 12. Bg5 h6 13. Bf4 O-O 14. Qe2 Rb8 15. Qd2 Kh7 16. Rab1 Qa5 17. h3 Nge5 18. Nxe5 Nxe5 19. Qc2 Nc4 20. Na4 Nxb2 21. Nxb2 Rxb2 22. Qd3 Rfb8 23. Rxb2 Qxe1+ 0-1

[Event "*** Titled Tuesday Blitz"]
[Site "Chess.com"]
[Date "2020.02.04"]
[Round "5"]
[White "Chessalary"]
[Black "LogoCzar"]
[Result "0-1"]
[WhiteElo "2183"]
[BlackElo "2518"]
[TimeControl "180+2"]
[EndTime "14:02:07 PST"]
[Termination "LogoCzar won by resignation"]

1. e4 e5 2. Nf3 Nc6 3. Bc4 Nf6 4. d3 Bc5 5. c3 a6 6. O-O d6 7. a4 Ba7 8. h3 h6 9. Bb3 g5 10. d4 g4 11. hxg4 Bxg4 12. d5 Ne7 13.
Qd3 Qd7 14. a5 Rg8 15. Rd1 Bh3 16. g3 Rxg3+ 17. Kh2 Bg2 18. Rh1 Qh3+ 19. Kg1 0-1

[Event "*** Titled Tuesday Blitz"]
[Site "Chess.com"]
[Date "2020.02.04"]
[Round "5"]
[White "Hasangatin_Ramil"]
[Black "arjwezhrtdrz"]
[Result "1-0"]
[WhiteElo "2528"]
[BlackElo "2236"]
[TimeControl "180+2"]
[EndTime "14:02:25 PST"]
[Termination "Hasangatin_Ramil won by resignation"]

1. e4 d5 2. exd5 Qxd5 3. Nf3 Nf6 4. d4 Bf5 5. c4 Qd8 6. Nc3 e6 7. Qb3 Qc8 8. Be3 c6 9. Be2 Be7 10. O-O O-O 11. h3 h6 12. Rac1 b6 13.
d5 Qb7 14. Nd4 cxd5 15. cxd5 Nbd7 16. dxe6 Nc5 17. exf7+ Kh8 18. Bf3 Qa6 19. Qb5 Qxb5 20. Ncxb5 Be4 21. Bxe4 Ncxe4 22. Nc6 Rxf7 23. Ne5 1-0

[Event "*** Titled Tuesday Blitz"]
[Site "Chess.com"]
[Date "2020.02.04"]
[Round "5"]
[White "bazar-wokzal"]
[Black "bascheyaro"]
[Result "1-0"]
[WhiteElo "2548"]
[BlackElo "2802"]
[TimeControl "180+2"]
[EndTime "14:02:31 PST"]
[Termination "bazar-wokzal won on time"]

1. e4 e6 2. d4 d5 3. exd5 exd5 4. Nf3 Nf6 5. c4 Bb4+ 6. Nc3 O-O 7. Bd3 Re8+ 8. Be3 Ng4 9. O-O Nxe3 10. fxe3 dxc4 11. Bxc4 Be6 12. Bxe6 Rxe6 13. Ne5 Bxc3 14. bxc3 f6 15. Qb3 Qc8 16. Nd3 Kh8 17. Rf3 Re7 18.
Nf4 Nd7 19. Ng6+ 1-0

[Event "*** Titled Tuesday Blitz"]
[Site "Chess.com"]
[Date "2020.02.04"]
[Round "5"]
[White "Micki-taryan"]
[Black "korbul"]
[Result "1-0"]
[WhiteElo "2990"]
[BlackElo "2574"]
[TimeControl "180+2"]
[EndTime "14:02:32 PST"]
[Termination "Micki-taryan won by resignation"]

1. d4 Nf6 2. Nf3 b6 3. c4 e6 4.
Nc3 Bb4 5. g3 Bb7 6. Bg2 O-O 7.
O-O Bxc3 8. bxc3 Be4 9. Bh3 d6 10. Nd2 Bb7 11. f3 Nbd7 12. e4 e5 13. a4 a5 14. Rf2 Re8 15. Nf1 h6 16. Ne3 Nf8 17.
Ba3 Ng6 18. Rd2 Qb8 19. c5 dxc5 20. dxc5 Ba6 21. c6 Ne7 22. Bd7 Qa7 23. Bxe7 Rxe7 24. Nf5 Kf8 25. Nxe7 Kxe7 26. Kg2 g6 27. Bh3 Bc4 28.
Qc1 Kf8 29. Qa3+ Kg7 30. Rad1 b5 31. Rd8 Rxd8 32. Rxd8 b4 33. cxb4 g5 34. Bf5 g4 35.
b5 gxf3+ 36. Kxf3 1-0

[Event "*** Titled Tuesday Blitz"]
[Site "Chess.com"]
[Date "2020.02.04"]
[Round "5"]
[White "Pultis"]
[Black "DenishevM"]
[Result "1-0"]
[WhiteElo "2736"]
[BlackElo "2524"]
[TimeControl "180+2"]
[EndTime "14:02:35 PST"]
[Termination "Pultis won by resignation"]

1. d4 Nf6 2. g3 e6 3. Bg2 c5 4. Nf3 cxd4 5. Nxd4 d5 6. O-O e5 7.
Nb3 Nc6 8. c4 dxc4 9. Bxc6+ bxc6 10. Qxd8+ Kxd8 11. Na5 Bd6 12. Rd1 Kc7 13. Nxc4 Rd8 14.
Bd2 Bb4 15. Nxe5 Be6 16. Nc3 Kb7 17. Nd3 Be7 18. Na4 Ne4 19. Be3 Bd5 20. f3 Nf6 21.
Bc5 Re8 22. Rac1 Bxa2 23. Bxe7 Rxe7 24. Nb4 Be6 25. Rxc6 Nd7 26. Rxd7+ Rxd7 27. Nc5+ 1-0

[Event "*** Titled Tuesday Blitz"]
[Site "Chess.com"]
[Date "2020.02.04"]
[Round "5"]
[White "SanchezKelvin"]
[Black "Gentlejimmy7"]
[Result "1-0"]
[WhiteElo "2363"]
[BlackElo "2631"]
[TimeControl "180+2"]
[EndTime "14:02:38 PST"]
[Termination "SanchezKelvin won by resignation"]

1. d4 Nf6 2. c4 g6 3. Nc3 d5 4. Nf3 Bg7 5. Bg5 dxc4 6. e3 Be6 7. Ne5 Nd5 8. Nxc4 O-O 9. e4 Nxc3 10. bxc3 c5 11.
Be3 Bxc4 12. Bxc4 Nc6 13. Bd5 cxd4 14. cxd4 Nb4 15. Bb3 Bxd4 16. Qxd4 Qa5 17. Bd2 Nc6 18. Bxa5 Nxd4 19. O-O Rac8 20. Rfd1 e5 21. Kf1 b6 22. Be1 Rc5 23. Bb4 1-0

[Event "*** Titled Tuesday Blitz"]
[Site "Chess.com"]
[Date "2020.02.04"]
[Round "5"]
[White "PotapovaM"]
[Black "pawnwonder"]
[Result "0-1"]
[WhiteElo "2501"]
[BlackElo "2175"]
[TimeControl "180+2"]
[EndTime "14:02:45 PST"]
[Termination "pawnwonder won by checkmate"]

1. d4 Nf6 2. c4 g6 3. Nc3 Bg7 4. e4 d6 5. Nf3 O-O 6. h3 Nc6 7. Be3 e5 8. d5 Nb8 9. c5 Nbd7 10.
cxd6 cxd6 11. Qd2 Nc5 12. Bxc5 dxc5 13. g4 Ne8 14. Bd3 Nd6 15. O-O-O c4 16. Bc2 b5 17.
Ne2 a5 18. h4 Bxg4 19. Rdg1 Bxf3 20. Rh2 h5 21. Ng3 Kh7 22. Bd1 Bh6 23. Bxf3 Bxd2+ 24. Kxd2 b4 25. Nxh5 gxh5 26. Rg5 Rg8 27. Rxh5+ Kg6 28. Rxe5 Kf6 29. Rh5 c3+ 30. bxc3 bxc3+ 31. Kc2 Qb6 32. e5+ Ke7 33. exd6+ Qxd6 34. Rh1 Rab8 35. Re1+ Kd8 36. Rhe5 Rb2+ 37. Kxc3 Qb4+ 38. Kd3 Rd2+ 39. Ke3 Qd4# 0-1

[Event "*** Titled Tuesday Blitz"]
[Site "Chess.com"]
[Date "2020.02.04"]
[Round "5"]
[White "Lovkov_Roman"]
[Black "GM_dmitrij"]
[Result "1-0"]
[WhiteElo "2727"]
[BlackElo "2907"]
[TimeControl "180+2"]
[EndTime "14:02:55 PST"]
[Termination "Lovkov_Roman won by resignation"]

1. e4 c5 2. c3 d5 3. exd5 Qxd5 4. Nf3 g6 5. Na3 Bg7 6. Bc4 Qe4+ 7. Be2 Nh6 8. O-O O-O 9. Re1 Qc6 10. d4 Rd8 11.
Bxh6 Bxh6 12. Ne5 Qe8 13. Nb5 Na6 14. Bc4 e6 15. Qf3 cxd4 16. Nxd4 Bg7 17. Bxa6 Rd5 18.
Ng4 bxa6 19. Qxd5 Bd7 20. Qf3 e5 21. Nf6+ Bxf6 22. Qxf6 1-0

[Event "*** Titled Tuesday Blitz"]
[Site "Chess.com"]
[Date "2020.02.04"]
[Round "5"]
[White "HanSchut"]
[Black "Fy_Rakotomaharo"]
[Result "0-1"]
[WhiteElo "2327"]
[BlackElo "2555"]
[TimeControl "180+2"]
[EndTime "14:03:01 PST"]
[Termination "Fy_Rakotomaharo won by resignation"]

1. e4 c5 2. Nf3 d6 3. d4 cxd4 4.
Nxd4 Nf6 5. f3 e5 6. Bb5+ Nbd7 7. Nf5 d5 8. exd5 a6 9. Bxd7+ Bxd7 10. Ne3 Bc5 11. c4 O-O 12. Nc3 b5 13. b3 Qa5 14.
Qc2 Bd4 15. Bd2 b4 16. Ned1 bxc3 17. Nxc3 Rac8 18. Ne2 Qb6 19. Nxd4 exd4 20. O-O-O Nxd5 21. Qe4 Nf6 22. Qh4 Bf5 23. Bg5 Rxc4+ 24. bxc4 Qb1+ 25.
Kd2 Qc2+ 0-1

[Event "*** Titled Tuesday Blitz"]
[Site "Chess.com"]
[Date "2020.02.04"]
[Round "5"]
[White "HashtagChess"]
[Black "renehp"]
[Result "0-1"]
[WhiteElo "1621"]
[BlackElo "2361"]
[TimeControl "180+2"]
[EndTime "14:03:19 PST"]
[Termination "renehp won by checkmate"]

1. e4 c5 2. Nf3 d6 3. d4 cxd4 4. Nxd4 Nf6 5. Nc3 a6 6. Bg5 e6 7. f4 h6 8. Bh4 Qb6 9. Nb3 Be7 10. Bf2 Qc7 11. Qf3 b5 12. O-O-O Bb7 13. Bd3 Nbd7 14. g4 b4 15. Ne2 a5 16. g5 hxg5 17. fxg5 Ne5 18.
Qg2 Nfd7 19. h4 a4 20. Nbd4 Nc5 21. Bb5+ Kf8 22. Rhf1 Bxe4 23. Qg3 b3 24. a3 bxc2 25. Rd2 Rb8 26. Nc3 Rxb5 27. Ndxb5 Nb3# 0-1

[Event "*** Titled Tuesday Blitz"]
[Site "Chess.com"]
[Date "2020.02.04"]
[Round "5"]
[White "valeriocarnicelli"]
[Black "Sajkochess"]
[Result "1-0"]
[WhiteElo "2498"]
[BlackElo "2301"]
[TimeControl "180+2"]
[EndTime "14:03:33 PST"]
[Termination "valeriocarnicelli won by resignation"]

1. e4 e5 2. Nf3 Nc6 3. d4 exd4 4. Bc4 Nf6 5. e5 Ng4 6. O-O d6 7.
exd6 Bxd6 8. Re1+ Kf8 9. h3 Nge5 10. Bd5 Nxf3+ 11. Qxf3 Qd7 12. Na3 Ne5 13. Qe4 c6 14. Bb3 c5 15. Bf4 f6 16. Qd5 Qc6 17. Rxe5 Qxd5 18.
Rxd5 Bxf4 19. Rd8+ Ke7 20. Rxh8 b6 21. Re1+ Kd7 22.
Ree8 1-0

[Event "*** Titled Tuesday Blitz"]
[Site "Chess.com"]
[Date "2020.02.04"]
[Round "5"]
[White "Funkmaus"]
[Black "King_of_the_wing"]
[Result "1-0"]
[WhiteElo "2181"]
[BlackElo "2029"]
[TimeControl "180+2"]
[EndTime "14:03:37 PST"]
[Termination "Funkmaus won by resignation"]

1. d4 e6 2. Nf3 f5 3. c4 Nf6 4.
Bg5 Bb4+ 5. Nbd2 b6 6. e3 O-O 7.
Be2 Bb7 8. a3 Bxd2+ 9. Qxd2 d6 10.
O-O Nbd7 11. b4 Qe8 12. Bxf6 Nxf6 13. c5 Ne4 14. Qc2 bxc5 15. dxc5 Qg6 16. c6 Bc8 17. b5 Ng5 18. a4 e5 19. a5 Nxf3+ 20. Bxf3 e4 21.
Be2 f4 22. Bc4+ Kh8 23. exf4 Rxf4 24. b6 axb6 25. axb6 Rxa1 26. Rxa1 Rg4 27. g3 cxb6 28.
Ra8 Qf5 29. Ba6 1-0

[Event "*** Titled Tuesday Blitz"]
[Site "Chess.com"]
[Date "2020.02.04"]
[Round "5"]
[White "alishersuleymenov"]
[Black "Aygehovit1992"]
[Result "0-1"]
[WhiteElo "2787"]
[BlackElo "2664"]
[TimeControl "180+2"]
[EndTime "14:03:44 PST"]
[Termination "Aygehovit1992 won by resignation"]

1. d4 Nf6 2. Nf3 g6 3. Bg5 Bg7 4. Nbd2 d5 5. c3 O-O 6. e3 c6 7.
Be2 h6 8. Bh4 Nbd7 9. h3 Re8 10.
Bg3 Ne4 11. Nxe4 dxe4 12. Nd2 f5 13. O-O e5 14. Nc4 exd4 15. exd4 Nf6 16. Nd6 Re7 17.
Bc4+ Kh7 18. d5 cxd5 19. Bxd5 Nxd5 20. Qxd5 Be6 21. Qb5 Qd7 22. Qb4 a5 23. Qc5 Qc6 24. Qxc6 bxc6 25. Rfe1 a4 26. a3 g5 27. f3 f4 28. Rxe4 fxg3 29. Rae1 Rd8 30. Nf5 Ree8 0-1

[Event "*** Titled Tuesday Blitz"]
[Site "Chess.com"]
[Date "2020.02.04"]
[Round "5"]
[White "WeAintSurePal"]
[Black "Irishchessman16"]
[Result "0-1"]
[WhiteElo "2378"]
[BlackElo "2262"]
[TimeControl "180+2"]
[EndTime "14:03:46 PST"]
[Termination "Irishchessman16 won by resignation"]

1. d4 Nf6 2. Nc3 d5 3. Bf4 e6 4. e3 Bb4 5. Ne2 O-O 6. a3 Bd6 7. Qd3 c5 8. dxc5 Bxc5 9. O-O-O Nc6 10. Nd4 h6 11. Nxc6 bxc6 12. e4 Bxf2 13. Qf3 Bc5 14.
g4 e5 15. Bxe5 Bxg4 16. Qg3 Bxd1 17. Kxd1 dxe4+ 18. Kc1 Nh5 19. Qg4 Qg5+ 20. Qxg5 hxg5 21. Nxe4 Be3+ 22. Nd2 Rad8 23. Bc3 Rd6 24. Bd3 Nf4 25.
Re1 Nxd3+ 26. cxd3 Rxd3 27. Kc2 Rfd8 28. Nc4 Bf4 29.
Re7 R3d7 30. Re4 Bxh2 31. b4 f5 32. Re6 g4 33. Rg6 g3 34. Ne5 Rd6 35. Rg5 f4 36.
Ng4 g6 37. Nf6+ Kf7 38. Ne4 Re6 39. Nc5 Re2+ 40. Kb3 g2 0-1

[Event "*** Titled Tuesday Blitz"]
[Site "Chess.com"]
[Date "2020.02.04"]
[Round "5"]
[White "guillembaches"]
[Black "MarcoRiehle"]
[Result "0-1"]
[WhiteElo "2391"]
[BlackElo "2642"]
[TimeControl "180+2"]
[EndTime "14:03:49 PST"]
[Termination "MarcoRiehle won by resignation"]

1. e4 e5 2. Nf3 Nf6 3. Nc3 Nc6 4. d4 exd4 5. Nxd4 Bb4 6. Nxc6 bxc6 7. Bd3 d5 8. Bd2 O-O 9. O-O Re8 10. Nxd5 cxd5 11.
Bxb4 dxe4 12. Bb5 Bd7 13. Bxd7 Qxd7 14. Bc3 Qxd1 15. Raxd1 Rad8 16. Bxf6 gxf6 17. Rfe1 f5 18. g3 Kg7 19. Kf1 Kf6 20. Ke2 Ke5 21. Rxd8 Rxd8 22.
Rd1 Rxd1 23. Kxd1 f4 24. gxf4+ Kxf4 25. Ke2 f5 26. c4 Ke5 27. b4 Kd4 28. c5 f4 29. Kd2 Kc4 30. a3 Kb3 0-1

[Event "*** Titled Tuesday Blitz"]
[Site "Chess.com"]
[Date "2020.02.04"]
[Round "5"]
[White "joppie2"]
[Black "Majkelopulos"]
[Result "1-0"]
[WhiteElo "2889"]
[BlackElo "2489"]
[TimeControl "180+2"]
[EndTime "14:03:49 PST"]
[Termination "joppie2 won by checkmate"]

1. f4 b5 2. a4 b4 3. c3 e6 4. Nf3 Bb7 5. g3 Bxf3 6. exf3 Nf6 7. d4 d5 8. Bd3 Nbd7 9. O-O c5 10. cxb4 cxd4 11. b5 Bb4 12. Bd2 Bd6 13. Na3 O-O 14. b4 e5 15. fxe5 Nxe5 16. Qb3 h6 17. Nc2 Qc7 18. Nxd4 Nxd3 19. Qxd3 Bxg3 20. f4 Bh4 21. Nf5 g5 22. Nxh6+ Kh8 23. Bc3 gxf4 24. Qh3 d4 25. Qxh4 Qxc3 26. Qxf6+ Kh7 27. Ng4 Rg8 28. Qh6# 1-0

[Event "*** Titled Tuesday Blitz"]
[Site "Chess.com"]
[Date "2020.02.04"]
[Round "5"]
[White "ChainsOfFantasia"]
[Black "Megagigahiper3345"]
[Result "1-0"]
[WhiteElo "2507"]
[BlackElo "2320"]
[TimeControl "180+2"]
[EndTime "14:03:53 PST"]
[Termination "ChainsOfFantasia won by resignation"]

1. d4 f5 2. Nf3 e6 3. g3 Nf6 4. Bg2 d5 5. O-O Be7 6. c4 Nc6 7. cxd5 exd5 8. Nc3 Ne4 9. Bf4 g5 10. Be5 Nxe5 11. Nxe5 c6 12. f3 Nxc3 13. bxc3 f4 14. e4 Be6 15. Re1 dxe4 16. gxf4 Qd6 17. fxg5 O-O-O 18. fxe4 Bxg5 19. Rb1 Rhg8 20. Qa4 a6 21. Rxb7 Be3+ 22.
Kh1 Rxg2 23. Qxa6 Rxa2 24. Rb8+ Kxb8 25. Rb1+ 1-0

[Event "*** Titled Tuesday Blitz"]
[Site "Chess.com"]
[Date "2020.02.04"]
[Round "5"]
[White "TristanCalistri"]
[Black "Blitzstream"]
[Result "0-1"]
[WhiteElo "2282"]
[BlackElo "2726"]
[TimeControl "180+2"]
[EndTime "14:03:55 PST"]
[Termination "Blitzstream won by resignation"]

1. e4 d5 2. exd5 Qxd5 3. Nf3 Bg4 4. Be2 Nc6 5. h3 Bxf3 6. Bxf3 Qd7 7. d4 O-O-O 8. c3 Nf6 9. O-O e5 10. Qb3 e4 11. Be2 g5 12. Bxg5 Rg8 13. h4 Be7 14. Bc4 Na5 15. Qb5 Nxc4 16. Qxc4 h6 17. Bxf6 Rxg2+ 18. Kxg2 Qg4+ 19. Kh2 Rg8 0-1

[Event "*** Titled Tuesday Blitz"]
[Site "Chess.com"]
[Date "2020.02.04"]
[Round "5"]
[White "peixe64"]
[Black "ilya261991"]
[Result "0-1"]
[WhiteElo "2339"]
[BlackElo "2535"]
[TimeControl "180+2"]
[EndTime "14:03:58 PST"]
[Termination "ilya261991 won by resignation"]

1. d4 Nf6 2. c4 d6 3. Nc3 Nbd7 4. e4 e5 5. d5 g6 6. Nf3 Bg7 7. h3 O-O 8. Be2 Nc5 9. Qc2 a5 10. g4 Nfd7 11. Rg1 c6 12. h4 cxd5 13. cxd5 Nf6 14.
Nh2 Bd7 15. g5 Ne8 16. Be3 b6 17. O-O-O Nc7 18. h5 N7a6 19. Kb1 Nb4 20. Qd2 a4 21. a3 Nb3 22. Qe1 Na6 23. Ng4 b5 24. Nh6+ Bxh6 25. gxh6 b4 26. axb4 Nxb4 27. hxg6 fxg6 28.
Nb5 Bxb5 29. Bxb5 Qa5 30. Bc6 a3 31. Rxg6+ hxg6 32. h7+ Kh8 0-1

[Event "*** Titled Tuesday Blitz"]
[Site "Chess.com"]
[Date "2020.02.04"]
[Round "5"]
[White "RestartingChess"]
[Black "volcanoexplorer"]
[Result "0-1"]
[WhiteElo "2347"]
[BlackElo "2601"]
[TimeControl "180+2"]
[EndTime "14:04:00 PST"]
[Termination "volcanoexplorer won by resignation"]

1. e4 e5 2. Nf3 Nc6 3. b3 d5 4. exd5 Qxd5 5. Bc4 Qe4+ 6. Qe2 Qxe2+ 7. Kxe2 Bg4 8. h3 Nd4+ 9. Kd3 Bxf3 10. gxf3 b5 11. Bd5 O-O-O 12. c4 c6 13. Bxf7 Nxb3+ 14. Kc3 Nxa1 15.
cxb5 Bc5 16. Kb2 Bxf2 17. bxc6 Bd4+ 18. Nc3 Nh6 19. Be6+ Kc7 20. Kxa1 Kxc6 21. Bb2 Rhe8 22. Bb3 Rf8 23. Ba4+ Kb7 24. Bb3 Nf5 25. Ne4 Bxb2+ 26.
Kxb2 Kb6 27. Rg1 g6 28. Kc3 Nd4 29. Bc4 Rxf3+ 30. d3 Ne2+ 0-1

[Event "*** Titled Tuesday Blitz"]
[Site "Chess.com"]
[Date "2020.02.04"]
[Round "5"]
[White "AdrianaNikolova"]
[Black "politeplayer"]
[Result "1-0"]
[WhiteElo "2380"]
[BlackElo "2144"]
[TimeControl "180+2"]
[EndTime "14:04:00 PST"]
[Termination "AdrianaNikolova won on time"]

1. d4 d5 2. Bf4 Nf6 3. e3 e6 4. Nf3 Bd6 5. Ne5 O-O 6. Nd2 c5 7. c3 b6 8. Bd3 Bb7 9. Qf3 Nc6 10. Qh3 Ne7 11. Ndf3 Ng6 12. Ng5 cxd4 13. Bxg6 hxg6 14.
exd4 Nh5 15. Be3 Bxe5 16. dxe5 Qe7 17. g4 d4 18. cxd4 Qb4+ 19. Kf1 Bxh1 20. gxh5 Qc4+ 21. Kg1 1-0

[Event "*** Titled Tuesday Blitz"]
[Site "Chess.com"]
[Date "2020.02.04"]
[Round "5"]
[White "dragos420"]
[Black "GMKrikor"]
[Result "0-1"]
[WhiteElo "2484"]
[BlackElo "2795"]
[TimeControl "180+2"]
[EndTime "14:04:03 PST"]
[Termination "GMKrikor won by resignation"]

1. e4 c5 2. Nf3 g6 3. c3 d5 4.
exd5 Qxd5 5. d4 Bg7 6. Be3 cxd4 7. cxd4 Nf6 8. Nc3 Qd6 9. Bd3 O-O 10. O-O Nc6 11.
a3 Bg4 12. Be2 Rfd8 13. h3 Bxf3 14. Bxf3 Nxd4 15. Bxd4 Qxd4 16. Qb3 Qf4 17. Rad1 Rxd1 18. Rxd1 Rb8 19. Qb5 a6 20. Qc5 Bf8 21. Qa7 e6 22. g3 Qc7 23. Kg2 Bc5 0-1

[Event "*** Titled Tuesday Blitz"]
[Site "Chess.com"]
[Date "2020.02.04"]
[Round "5"]
[White "Snegokhod"]
[Black "saraswathii"]
[Result "1-0"]
[WhiteElo "2636"]
[BlackElo "2212"]
[TimeControl "180+2"]
[EndTime "14:04:04 PST"]
[Termination "Snegokhod won by resignation"]

1. e4 c5 2. Nf3 e6 3. d3 Nc6 4.
g3 Nf6 5. Bg2 d5 6. Nbd2 Bd6 7. O-O dxe4 8. dxe4 Bc7 9. Re1 e5 10.
Nc4 Qe7 11. Ne3 Be6 12. Nd5 Bxd5 13. exd5 O-O-O 14. c4 Rhe8 15. Qa4 Na5 16. Bd2 b6 17.
Bxa5 bxa5 18. d6 Qxd6 19. Ng5 Re7 20. Rad1 Qb6 21. Rxd8+ Bxd8 22. Re3 h6 23. Rb3 Qc7 24. Bh3+ Nd7 25. Ne4 Re8 26. Bxd7+ Qxd7 27. Rb8+ 1-0

[Event "*** Titled Tuesday Blitz"]
[Site "Chess.com"]
[Date "2020.02.04"]
[Round "5"]
[White "cmpassgall"]
[Black "Firouzja2003"]
[Result "1/2-1/2"]
[WhiteElo "2581"]
[BlackElo "3143"]
[TimeControl "180+2"]
[EndTime "14:04:05 PST"]
[Termination "Game drawn by agreement"]

1. Nf3 d6 2. d4 Nf6 3. Nc3 g6 4. e4 Bg7 5. Bc4 O-O 6. Qe2 Nc6 7. e5 Nh5 8. h3 dxe5 9. dxe5 Nd4 10.
Nxd4 Qxd4 11. g4 Nf4 12. Bxf4 Qxf4 13. Nd5 Qg5 14. f4 Qh4+ 15. Qf2 Qxf2+ 16. Kxf2 Be6 17.
Rad1 Bxd5 18. Bxd5 g5 19. e6 fxe6 20. Bxe6+ Kh8 21.
f5 Bxb2 22. Rd7 Ba3 23. Rxc7 b6 24. Rd1 Kg7 25. Rdd7 Kf6 26. Rxa7 Bc5+ 27. Kf3 Rxa7 28. Rxa7 Rh8 29. a4 h5 30. a5 hxg4+ 31. hxg4 bxa5 32.
Rxa5 Rh3+ 33. Kg2 Rc3 34. Bb3 Bd6 35. Ra4 Re3 36. Kf2 Re5 37. Kf3 Re1 38. Re4 Rf1+ 1/2-1/2

[Event "*** Titled Tuesday Blitz"]
[Site "Chess.com"]
[Date "2020.02.04"]
[Round "5"]
[White "davigator"]
[Black "allvim"]
[Result "0-1"]
[WhiteElo "2258"]
[BlackElo "2417"]
[TimeControl "180+2"]
[EndTime "14:04:08 PST"]
[Termination "allvim won by checkmate"]

1. e4 e6 2. d4 d5 3. Nc3 Nf6 4. e5 Nfd7 5. f4 c5 6. Nf3 Nc6 7. Be3 Qb6 8. a3 a6 9. Be2 Be7 10. h4 O-O 11. h5 h6 12. Rh3 f6 13. Na4 Qa5+ 14. c3 cxd4 15. Nxd4 Nxd4 16. Bxd4 b5 17. exf6 Bxf6 18. Nc5 e5 19. Nxd7 Bxd7 20. fxe5 Bxh3 21. exf6 Bxg2 22. Qd2 Qa4 23. Qf4 Rae8 24. Qg3 Rxe2+ 25. Kxe2 Qc2+ 26. Ke1 Re8+ 27. Be5 g5 28. hxg6 Qe4+ 29. Kf2 Rxe5 30. f7+ Kg7 31. Qxg2 Qe2+ 32. Kg1 Rg5 33. Qxg5 hxg5 34. Rf1 Qg4+ 35. Kh1 Qh3+ 36. Kg1 Qc8 37. Kg2 Qf8 38. Rf5 Kxg6 39. Rf2 Qxf7 40. Rxf7 Kxf7 41. b3 Kf6 42. Kf3 Kf5 43. Kg3 Ke4 44. Kg4 Kd3 45.
c4 dxc4 46. bxc4 bxc4 47. Kxg5 c3 48. a4 c2 49. a5 c1=Q+ 50. Kf5 Qc5+ 51. Ke6 Qxa5 52.
Kd6 Qb5 53. Kc7 a5 54. Kc8 a4 55. Kc7 a3 56. Kc8 a2 57. Kc7 a1=Q 58. Kc8 Qc6+ 59.
Kb8 Qaa8# 0-1

[Event "*** Titled Tuesday Blitz"]
[Site "Chess.com"]
[Date "2020.02.04"]
[Round "5"]
[White "Teidi96"]
[Black "SoltaniciR"]
[Result "1-0"]
[WhiteElo "2309"]
[BlackElo "2465"]
[TimeControl "180+2"]
[EndTime "14:04:10 PST"]
[Termination "Teidi96 won by resignation"]

1. e4 c5 2. Nf3 d6 3. Bb5+ Nd7 4. d4 cxd4 5. Qxd4 a6 6. Bxd7+ Bxd7 7. c4 e5 8. Qd3 b5 9. Nc3 Qb6 10. O-O h6 11.
Nd5 Qb7 12. b3 Ne7 13. Ba3 Nxd5 14. exd5 Be7 15. c5 dxc5 16. Nxe5 O-O 17. d6 Bf6 18.
Rfe1 Rfe8 19. f4 b4 20. Bb2 Bb5 21. Qg3 Red8 22. Rad1 Qb6 23. Nd7 Rxd7 24. Bxf6 g6 25. f5 c4+ 26. Kh1 g5 27. h4 1-0

[Event "*** Titled Tuesday Blitz"]
[Site "Chess.com"]
[Date "2020.02.04"]
[Round "5"]
[White "Perecke"]
[Black "lelya96"]
[Result "0-1"]
[WhiteElo "2275"]
[BlackElo "2466"]
[TimeControl "180+2"]
[EndTime "14:04:13 PST"]
[Termination "lelya96 won by resignation"]

1. e4 e5 2. Nf3 Nc6 3. d4 exd4 4. Bc4 Nf6 5. O-O Nxe4 6. Re1 d5 7. Bxd5 Qxd5 8. Nc3 Qd8 9. Nxe4 Be7 10. Neg5 O-O 11. Qd3 g6 12. Ne4 Bf5 13. Bh6 Re8 14. Rad1 Bf6 15.
Nxf6+ Qxf6 16. Qb3 b6 17. Bg5 Qg7 18. Rxe8+ Rxe8 19. Qd5 Be4 20. Qd7 Rf8 21. Be7 Nxe7 22. Qxe7 Bxf3 23. gxf3 c5 24. Qxa7 Qf6 25. Qxb6 Qxb6 0-1

[Event "*** Titled Tuesday Blitz"]
[Site "Chess.com"]
[Date "2020.02.04"]
[Round "5"]
[White "DonPreuss"]
[Black "Jahonas"]
[Result "0-1"]
[WhiteElo "2215"]
[BlackElo "2403"]
[TimeControl "180+2"]
[EndTime "14:04:16 PST"]
[Termination "Jahonas won by resignation"]

1. d4 Nf6 2. Nc3 e6 3. e4 Bb4 4. e5 Nd5 5. Bd2 Nxc3 6. bxc3 Be7 7. Bd3 d6 8. f4 g6 9. Nf3 Bd7 10. O-O Bc6 11. Qe1 Nd7 12. c4 d5 13. cxd5 Bxd5 14.
c4 Bxf3 15. Rxf3 Nb6 16. Be3 c5 17. dxc5 Qxd3 18. cxb6 axb6 19. Bxb6 Qxc4 20. Rb3 O-O 21. Kh1 Rxa2 22. Rc3 Rxa1 23. Qxa1 Qxf4 24. Rf3 Qb4 25. Be3 Rd8 26. Qf1 Qa4 27. Qe2 Qd1+ 28. Qxd1 Rxd1+ 0-1